Map: Acropolis LE

Players

llllllllllll - Winner!

  • Race: Zerg Zerg
  • League: Diamond
  • Spawn Location: 5:00

Mez

  • Race: Terran Terran
  • League: Master
  • Spawn Location: 11:00

VOD

Have the link to the VOD?

Description

Time

  • Played on: Aug. 15, 2019, 6:08 p.m.
  • Length: 22:54
Show
View Real Time Build Order
Export as new Build Order

llllllllllll Zerg - Winner!

Build Orders: Hatch First, Brood Lord Corruptor 

Get SALT Encoding   

  12  0:01  Drone  
  13  0:12  Overlord  
  13  0:17  Drone  
  14  0:31  Drone x2  
  16  0:48  Hatchery  
  15  0:52  Drone  
  15  0:55  Drone  
  17  0:58  Drone  
  18  1:09  Extractor  
  17  1:13  Spawning Pool  
  17  1:16  Drone  
  17  1:20  Drone  
  18  1:29  Drone  
  19  1:40  Drone  
  20  1:50  Overlord  
  20  2:00  Queen x2  
  24  2:01  Zergling x2  
  24  2:02  Zergling x2  
  26  2:11  Drone x2  
  26  2:13  Metabolic Boost  
  28  2:22  Drone x2  
  30  2:42  Queen  
  30  2:43  Overlord, Drone x3  
  35  3:01  Queen  
  37  3:09  Hatchery  
  36  3:13  Drone x3  
  36  3:17  Drone x2  
  43  3:30  Overlord  
  43  3:31  Drone x2  
  43  3:32  Drone  
  44  3:37  Pneumatized Carapace  
  44  3:39  Roach Warren  
  43  3:46  Drone  
  44  3:56  Drone x2  
  44  3:59  Overlord  
  46  4:06  Drone x2, Extractor  
  46  4:07  Drone x2  
  46  4:08  Drone  
  50  4:14  Evolution Chamber  
  50  4:15  Evolution Chamber, Drone x2  
  50  4:17  Drone x2  
  50  4:20  Queen  
  54  4:29  Zergling x6  
  54  4:31  Roach x2  
  60  4:45  Drone x5  
  64  4:46  Overlord  
  64  4:47  Zerg Melee Weapons Level 1  
  64  4:48  Zerg Ground Armor Level 1  
  65  4:57  Overlord  
  65  5:00  Overlord  
  65  5:03  Overlord  
  65  5:05  Lair  
  65  5:06  Drone x5, Baneling Nest  
  69  5:08  Overlord  
  68  5:16  Spore Crawler  
  68  5:19  Spore Crawler  
  63  5:23  Drone  
  63  5:24  Drone  
  63  5:25  Drone x3  
  63  5:26  Spore Crawler  
  65  5:38  Drone  
  65  5:39  Drone x3  
  68  5:54  Zergling x8  
  72  5:57  Overlord  
  72  5:58  Queen  
  72  6:03  Overlord  
  74  6:05  Centrifical Hooks  
  74  6:07  Drone x2  
  74  6:09  Hatchery  
  74  6:11  Drone x2  
  77  6:28  Overlord  
  77  6:32  Drone x2  
  79  6:33  Drone  
  79  6:34  Extractor  
  79  6:35  Drone  
  79  6:36  Drone x7  
  86  6:40  Extractor x2  
  86  6:46  Overlord  
  84  6:49  Zerg Ground Armor Level 2, Zerg Melee Weapons Level 2  
  84  6:56  Drone  
  84  6:57  Drone  
  84  7:00  Drone, Extractor  
  84  7:01  Drone x3  
  88  7:02  Drone x5  
  94  7:12  Zergling x6  
  96  7:17  Baneling x8  
  96  7:18  Baneling  
  96  7:19  Zergling x8  
  100  7:25  Zergling x14  
  100  7:27  Ravager x2  
  100  7:29  Queen x3  
  104  7:50  Drone  
  104  7:51  Overlord, Drone x9  
  112  7:55  Hydralisk Den  
  112  7:56  Infestation Pit  
  110  8:06  Extractor  
  110  8:07  Drone x9, Extractor  
  117  8:14  Overlord  
  117  8:18  Hatchery, Spore Crawler  
  117  8:19  Baneling  
  115  8:20  Baneling x13  
  115  8:24  Overlord  
  115  8:25  Zergling x2  
  115  8:26  Zergling x12  
  122  8:29  Grooved Spines  
  116  8:41  Zergling x8  
  116  8:42  Zergling x14  
  116  8:46  Overlord  
  124  8:49  Overlord  
  124  8:52  Overseer  
  122  9:01  Hydralisk x9  
  122  9:02  Hydralisk x3  
  146  9:04  Hive  
  144  9:19  Overlord  
  144  9:27  Zergling x24  
  144  9:28  Baneling  
  144  9:29  Baneling x7  
  156  9:32  Overlord  
  156  9:33  Extractor  
  156  9:34  Spire  
  156  9:37  Extractor  
  153  9:39  Spore Crawler  
  153  9:40  Muscular Augments, Spore Crawler x2  
  150  9:48  Drone x3  
  150  9:49  Drone x3  
  150  9:50  Drone x3, Zergling x2  
  150  9:51  Zergling x6  
  163  9:54  Overlord  
  163  9:56  Overlord  
  163  10:06  Overlord  
  163  10:08  Spine Crawler  
  163  10:09  Spore Crawler, Spine Crawler  
  163  10:12  Overlord  
  157  10:15  Hydralisk x3  
  157  10:16  Hydralisk x8  
  175  10:25  Overseer  
  167  10:38  Zergling x2  
  167  10:39  Zergling x40  
  184  10:49  Corruptor x6  
  188  10:57  Zerg Melee Weapons Level 3  
  188  10:58  Greater Spire  
  188  11:07  Overlord  
  188  11:08  Overlord  
  188  11:10  Baneling x12  
  188  11:13  Overseer  
  188  11:14  Overseer, Spore Crawler  
  188  11:17  Adrenal Glands  
  185  11:36  Zergling x34  
  185  11:37  Zergling x4  
  160  11:48  Zergling x22  
  160  11:49  Zergling x4  
  166  11:56  Baneling x7  
  166  12:09  Overlord  
  157  12:23  Zerg Flyer Weapons Level 1  
  157  12:25  Brood Lord  
  157  12:26  Corruptor, Brood Lord x4  
  157  12:27  Corruptor x6  
  157  12:29  Baneling x8  
  181  12:35  Baneling x2  
  181  12:49  Zergling x12  
  178  13:10  Spore Crawler  
  178  13:11  Brood Lord x4  
  178  13:12  Corruptor, Brood Lord  
  178  13:13  Corruptor x5, Spore Crawler  
  178  13:15  Spore Crawler  
  178  13:16  Zergling x8  
  178  13:45  Pathogen Glands  
  177  13:49  Zergling x14  
  177  13:51  Drone  
  177  13:52  Drone  
  186  13:56  Zerg Ground Armor Level 3  
  186  13:58  Zerg Missile Weapons Level 1  
  186  14:00  Zergling x12  
  183  14:17  Zerg Flyer Armor Level 1  
  176  14:28  Baneling x14  
  174  14:32  Infestor x8  
  189  14:49  Zergling x2  
  189  14:50  Zergling x20  
  200  14:59  Baneling x5  
  200  15:00  Baneling x2  
  200  15:04  Baneling x4  
  200  15:10  Hatchery  
  200  15:14  Overseer x4  
  199  15:16  Burrow  
  178  15:32  Zergling x2  
  178  15:33  Zergling x22  
  187  15:54  Infestor x5  
  197  16:02  Zergling x6  
  197  16:10  Extractor  
  192  16:20  Baneling x12  
  192  16:22  Hatchery  
  192  16:23  Zerg Flyer Weapons Level 2  
  192  16:24  Spine Crawler  
  192  16:25  Spore Crawler  
  185  16:26  Spine Crawler  
  185  16:27  Spine Crawler  
  170  16:35  Baneling x5  
  170  16:36  Baneling x8  
  170  16:37  Zergling x6  
  170  16:38  Zergling x18  
  182  16:41  Baneling x10  
  173  17:09  Extractor  
  173  17:10  Extractor  
  173  17:13  Baneling x15  
  173  17:14  Zergling x2  
  168  17:21  Neural Parasite  
  163  17:37  Drone  
  163  17:38  Drone x3  
  163  17:39  Drone x4  
  163  17:40  Drone x5  
  176  17:45  Zergling x2  
  176  17:47  Zergling x2  
  166  18:02  Corruptor x7  
  166  18:05  Brood Lord x4  
  188  18:16  Spore Crawler  
  188  18:17  Spine Crawler x2  
  185  18:30  Baneling x4  
  185  18:39  Zerg Flyer Armor Level 2  
  185  18:41  Infestor x2  
  185  18:42  Infestor x3  
  185  18:47  Zergling x8  
  185  18:48  Zergling x2  
  196  19:00  Zergling x8  
  186  19:33  Corruptor  
  186  19:34  Corruptor x6  
  200  19:45  Zergling x8  
  178  20:05  Corruptor x4  
  178  20:06  Corruptor x2  
  184  20:10  Zergling x16  
  192  20:37  Hatchery  
  192  20:41  Brood Lord x4  
  199  20:43  Baneling x17  
  199  20:44  Baneling x14, Extractor  
  199  20:45  Extractor  
  196  21:11  Zergling x14  
  194  21:26  Drone x4  
  197  21:51  Spine Crawler  
  193  22:12  Baneling x12  
  190  22:18  Brood Lord x4  
  198  22:28  Spine Crawler  
  198  22:29  Spine Crawler  
  196  22:30  Spine Crawler  
  196  22:31  Spine Crawler  
  196  22:32  Spore Crawler x2  
  196  22:33  Spore Crawler  
  196  22:36  Zergling x18  
Show
View Real Time Build Order
Export as new Build Order

Mez Terran 

Build Orders: Liberator Opening, Reaper Expand 

Get SALT Encoding   

  12  0:00  SCV  
  13  0:13  SCV  
  14  0:18  Supply Depot  
  14  0:25  SCV  
  15  0:39  SCV  
  15  0:41  Barracks  
  16  0:45  Refinery  
  16  0:51  SCV  
  17  1:04  SCV  
  18  1:16  SCV  
  19  1:28  Reaper  
  19  1:29  Orbital Command  
  20  1:40  Command Center  
  20  1:48  Supply Depot  
  20  1:55  SCV  
  21  2:01  Marine  
  22  2:13  Factory  
  22  2:15  SCV  
  23  2:22  Barracks Reactor  
  23  2:27  SCV  
  24  2:42  SCV  
  25  2:47  Command Center  
  25  2:54  SCV, Orbital Command  
  26  3:03  Starport  
  26  3:04  Refinery  
  24  3:10  SCV  
  25  3:19  Hellion x2  
  29  3:22  SCV  
  29  3:23  SCV  
  31  3:31  Liberator  
  31  3:33  Barracks Tech Lab  
  31  3:34  SCV  
  31  3:35  SCV  
  31  3:40  Hellion x2  
  40  3:50  SCV x2  
  40  3:54  Marine  
  43  4:02  SCV, Orbital Command  
  44  4:07  SCV  
  44  4:08  Hellion x2  
  49  4:14  SCV  
  49  4:15  Stimpack  
  49  4:16  Marine  
  51  4:19  SCV  
  52  4:25  Supply Depot  
  52  4:35  Starport Reactor  
  52  4:40  SCV x3  
  52  4:43  Barracks  
  52  4:45  Barracks  
  53  4:46  Factory Tech Lab  
  53  4:52  SCV x3  
  56  4:59  Marine  
  57  5:03  Engineering Bay  
  57  5:04  SCV x2  
  57  5:05  Refinery  
  57  5:06  Engineering Bay, Supply Depot  
  59  5:07  Refinery  
  59  5:09  SCV  
  59  5:12  Supply Depot  
  58  5:26  Marine  
  58  5:27  Siege Tank  
  60  5:29  SCV  
  60  5:30  SCV  
  60  5:39  Starport Reactor  
  60  5:41  Terran Infantry Armor Level 1, Barracks, Terran Infantry Weapons Level 1  
  60  5:42  Barracks  
  58  5:43  Marine  
  58  5:44  SCV x3  
  58  5:49  Supply Depot  
  60  5:53  Marine x3, Supply Depot  
  60  5:55  Marine  
  60  5:56  SCV x2  
  63  6:01  Marine  
  64  6:05  Siege Tank  
  64  6:08  SCV  
  68  6:12  Marine x3  
  68  6:13  Marine, Supply Depot  
  68  6:14  Orbital Command  
  72  6:21  Combat Shield, Supply Depot  
  72  6:23  Medivac x2, Supply Depot  
  76  6:26  SCV, Marine  
  76  6:28  SCV  
  76  6:30  Marine  
  80  6:37  Barracks Reactor x2, Marine  
  81  6:40  SCV x3  
  81  6:43  Siege Tank  
  87  6:49  Armory  
  87  6:50  Supply Depot  
  87  6:52  SCV x3  
  87  6:53  Marine x2, Supply Depot  
  92  6:54  Marine  
  92  6:58  Marine x2  
  95  7:04  SCV  
  95  7:06  SCV x2  
  98  7:09  Medivac x2  
  98  7:10  Marine  
  98  7:11  Marine  
  98  7:12  Marine  
  98  7:15  Supply Depot  
  105  7:16  SCV, Marine x5  
  105  7:17  Marine  
  105  7:18  SCV  
  105  7:21  Siege Tank  
  116  7:23  SCV  
  116  7:28  SCV, Marine  
  116  7:29  Marine  
  120  7:30  SCV, Marine  
  120  7:35  SCV  
  117  7:48  Marine  
  117  7:49  Marine x8  
  117  7:51  SCV x2  
  110  7:53  Siege Tank, Terran Infantry Weapons Level 2  
  110  7:54  Factory  
  110  7:57  Refinery  
  110  7:58  Refinery  
  113  8:01  Command Center  
  113  8:04  Supply Depot  
  113  8:06  Terran Infantry Armor Level 2, Marine x6  
  113  8:07  Marine  
  113  8:12  Marine x2  
  122  8:24  Marine  
  122  8:34  Marine  
  122  8:35  Marine x7  
  127  8:42  Marine  
  128  8:50  Siege Tank, Factory Tech Lab  
  128  8:52  Marine  
  128  8:53  Marine x6  
  134  9:07  Marine x2  
  136  9:10  Marine x3  
  136  9:12  Barracks  
  136  9:13  Barracks  
  136  9:14  Barracks  
  136  9:15  Marine x4  
  136  9:16  Medivac x2  
  138  9:19  Siege Tank  
  138  9:22  Siege Tank  
  144  9:25  SCV x3, Marine x2  
  144  9:28  Marine x3  
  152  9:31  Terran Vehicle Weapons Level 1  
  152  9:33  Marine x2  
  152  9:37  SCV x3, Marine x2  
  159  9:38  Supply Depot  
  159  9:43  Marine x2  
  161  9:49  SCV  
  161  9:51  Planetary Fortress  
  162  9:56  Refinery  
  162  10:00  Marine x7  
  162  10:02  Barracks Tech Lab  
  162  10:03  Barracks Tech Lab  
  169  10:11  Marine x3  
  169  10:12  Siege Tank x2  
  169  10:13  Medivac  
  180  10:17  Marine  
  180  10:18  Marine  
  180  10:36  Marine x3  
  180  10:37  Marine  
  180  10:38  Marine x2  
  180  10:44  Marine  
  180  10:45  Marine  
  180  10:47  Marine  
  180  10:48  Marine x3, Supply Depot  
  180  10:49  Supply Depot  
  180  10:52  Medivac  
  180  10:55  Siege Tank, Marine x3  
  180  10:57  Marine  
  180  11:10  Siege Tank, Marine x4, Medivac  
  189  11:16  Command Center  
  189  11:22  Medivac  
  144  11:40  Marine x11  
  144  11:41  Marine  
  143  11:49  Siege Tank x2  
  145  11:57  Liberator  
  145  11:58  Marine x12  
  157  12:15  Terran Infantry Armor Level 3, Terran Infantry Weapons Level 3  
  154  12:16  Marine x9  
  154  12:18  Starport  
  154  12:19  Starport  
  154  12:21  Siege Tank x2, Medivac  
  160  12:35  Marine x6  
  160  12:36  Barracks Tech Lab  
  170  12:37  Marine x2, Marauder x3  
  174  12:51  Medivac  
  174  12:53  Marine  
  174  12:57  Viking x2, Medivac  
  183  12:59  Siege Tank  
  183  13:00  Siege Tank  
  182  13:10  Marine x7  
  182  13:11  Marine, Marauder x3  
  195  13:21  Viking  
  195  13:26  Viking  
  195  13:27  Viking x2  
  198  13:35  Marine x2  
  198  13:37  Planetary Fortress  
  196  13:48  Refinery  
  192  13:50  Terran Ship Weapons Level 1  
  192  13:51  Viking, Marauder x2  
  192  13:52  Marauder  
  186  14:27  Viking  
  186  14:28  Viking  
  186  14:29  SCV  
  186  14:30  SCV x3  
  184  14:35  Thor x2  
  184  14:36  Marine x4  
  196  14:47  Marine  
  196  14:48  Marine x4  
  200  15:12  Command Center  
  200  15:14  Command Center  
  200  15:15  Command Center  
  200  15:17  Command Center  
  200  15:19  Command Center  
  183  15:31  Marine x12  
  192  15:38  Liberator x4  
  157  16:00  Ghost Academy  
  152  16:04  Refinery  
  152  16:05  Thor x2  
  159  16:20  Liberator  
  159  16:23  Concussive Shells  
  156  16:38  Medivac x3  
  165  16:50  Orbital Command  
  165  17:08  Marine x7, Medivac x3  
  148  17:12  Marine x5  
  156  17:20  Viking  
  150  17:24  Thor x2  
  150  17:26  Marine x7  
  150  17:29  Marine  
  157  17:30  Marine x4  
  147  17:38  Viking x2  
  147  17:43  Marine  
  147  17:44  Marine x6  
  151  17:47  Marine  
  151  17:48  Marine x4  
  151  17:50  Viking  
  162  17:52  Starport Reactor  
  142  17:58  SCV  
  142  17:59  SCV x3  
  142  18:01  Marine  
  142  18:02  Marine x5  
  152  18:08  Viking  
  154  18:23  Marauder  
  154  18:24  Ghost x3  
  154  18:25  Marine x8  
  154  18:27  Viking  
  172  18:30  Starport Reactor  
  172  18:31  Viking x2  
  176  18:38  Viking, Refinery  
  178  18:43  Ghost, Marine  
  178  18:48  Planetary Fortress  
  161  19:01  Ghost x2  
  161  19:02  Marine x9  
  168  19:12  Marine  
  168  19:19  Marine  
  168  19:20  Marine x6  
  157  19:29  Marine x2  
  157  19:30  Marine x3  
  140  19:37  Viking, Marine x4  
  140  19:38  Marine x3  
  127  19:47  Marine x2  
  127  19:48  Marine  
  116  19:59  Orbital Command  
  99  20:06  Marine x12  
  104  20:23  Marine  
  104  20:24  Marine x3  
  104  20:25  Marine x8  
  116  20:41  Marine  
  117  20:43  Ghost x4  
  117  20:49  SCV x3  
  128  21:01  SCV x2  
  127  21:21  Orbital Command  
  123  22:00  Ghost x3  
  62  22:19  Ghost  
Tags
 
Add a new tag
Caveats
  • Supply blocks, unpowered buildings, or Contaminate may cause inaccurate times.
  • Supply counts are checked every 10 seconds.